 Dungeon Crawl Stone Soup version 0.19.5 (webtiles) character file.

284 Azzok the Skirmisher (level 6, -4/61 HPs)
             Began as a Gargoyle Berserker on July 4, 2017.
             Was a Priest of Trog.
             Slain by Prince Ribbit (14 damage)
             ... on level 5 of the Dungeon.
             The game lasted 00:06:15 (2811 turns).

Azzok the Skirmisher (Gargoyle Berserker)           Turns: 2811, Time: 00:06:15

Health: -4/61      AC:  9    Str: 28    XL:     6   Next: 29%
Magic:  6/6        EV:  6    Int:  7    God:    Trog [***...]
Gold:   265        SH: 13    Dex:  9    Spells: 0 memorised, 5 levels left

rFire  . . .     SeeInvis .     y - +0 war axe
rCold  . . .     Gourm    .     g - +0 ring mail
rNeg   + . .     Faith    .     r - +0 large shield
rPois  ∞         Spirit   .     (no helmet)
rElec  +         Reflect  .     (no cloak)
rCorr  +         Harm     .     (no gloves)
MR     .....                    (no boots)
Stlth  ..........               (no amulet)
                                (no ring)
                                q - ring of resist corrosion

@: berserking (expiring), very quick
A: negative energy resistance 1, electricity resistance, unbreathing,
petrification resistance, rot immunity, AC +4
a: Berserk, Trog's Hand, Burn Spellbooks, Renounce Religion


You were on level 5 of the Dungeon.
You worshipped Trog.
Trog was most pleased with you.
You were very hungry.

You visited 1 branch of the dungeon, and saw 5 of its levels.

You collected 265 gold pieces.

Inventory:

Hand Weapons
 t - a +1 hand axe of holy wrath
 y - a +0 war axe (weapon)
Armour
 g - a +0 ring mail (worn)
 r - a +0 large shield (worn)
Jewellery
 q - a ring of resist corrosion (left hand)
Scrolls
 a - a scroll of enchant weapon {unknown}
 h - 7 scrolls of identify {unknown}
 i - a scroll of blinking {unknown}
 j - 5 scrolls of fear {unknown}
 k - a scroll of magic mapping {unknown}
 m - a scroll of noise {unknown}
 s - 2 scrolls of random uselessness {unknown}
 w - a scroll of teleportation {unknown}
 x - a scroll of fog {unknown}
Potions
 d - a potion of lignification {unknown}
 e - 3 potions of curing {unknown}
 l - a potion of degeneration {unknown}
 n - 2 potions of heal wounds {unknown}
 p - a potion of berserk rage {unknown}
 u - 2 potions of ambrosia {unknown}
 v - a potion of brilliance {unknown}
 A - 2 potions of resistance {unknown}
Comestibles
 b - a beef jerky
 c - 3 bread rations {@e1}
 f - 4 meat rations {@e2}
 o - a royal jelly
 z - 4 chunks of flesh {@w0}


   Skills:
 + Level 5.7 Fighting
 + Level 4.8 Axes
 - Level 2.1 Armour
 - Level 1.5 Dodging


You had 5 spell levels left.
You didn't know any spells.

Dungeon Overview and Level Annotations

Branches:
Dungeon (5/15)
 Temple: D:4-7

Altars:
Elyvilon
Xom

Annotations:
D:5 Prince Ribbit


Innate Abilities, Weirdness & Mutations

You are resistant to torment.
Your stone body is resilient. (AC +4)
You are immune to poison.
You resist negative energy. (rN+)
You are resistant to electric shocks. (rElec)
You can survive without breathing.
You are immune to petrification.
You are immune to rotting.


Message History

You miss Prince Ribbit.
Prince Ribbit is heavily wounded.
Prince Ribbit hits you!
* * * LOW HITPOINT WARNING * * *
Prince Ribbit hits you!
* * * LOW HITPOINT WARNING * * *
You take 17 damage, and have 10/61 hp.
MASSIVE DAMAGE!!
Your shield prevents you from hitting Prince Ribbit.
Prince Ribbit is heavily wounded.
Prince Ribbit blinks!
You feel a strong urge to attack something.
You miss Prince Ribbit.
Prince Ribbit is heavily wounded.
You block Prince Ribbit's attack. Prince Ribbit hits you.
* * * LOW HITPOINT WARNING * * *
You take 1 damage, and have 9/61 hp.
You miss Prince Ribbit.
Prince Ribbit is heavily wounded.
Prince Ribbit hits you!
You die...

··············▒▒▒▒▒▒▒▒▒
·▒▒▒▒▒▒▒··········)···▒
▒···········▒▒▒▒▒·▒▒▒
··▒▒·▒▒·▒▒▒▒·▒▒▒▒·▒
▒)··▒ ··$····†·▒ ▒·▒
▒▒·▒▒▒▒▒·▒·' ··▒▒·▒▒▒·▒
▒·▒▒▒···[····▒▒▒ ▒
▒·▒▒▒··▒▒··▒▒▒▒▒▒▒ ▒
▒·▒▒▒%·········▒ ▒
········@·▒·▒▒▒·▒ ▒
·▒▒▒▒▒·▒▒F▒·▒ ▒·▒ ▒·▒
·▒ ▒·▒ ··· ·· ··· ▒·>▒
·▒· ▒·▒ ▒··▒ ·▒·▒ ···
·▒ ▒ ·▒


You could see Prince Ribbit.

Vanquished Creatures
  2 howler monkeys
  An orc priest (D:5)
  2 worker ants
  An adder (D:4)
  An adder skeleton (D:4)
  6 worms
  A dart slug (D:1)
  15 orcs
  8 bats
  7 giant cockroaches
  5 goblins
  8 hobgoblins
  7 jackals
  2 quokkas (D:4)
  3 ball pythons
  5 frilled lizards
  11 kobolds
  A leopard gecko zombie (D:5)
  5 rats
91 creatures vanquished.

Notes
Turn   | Place    | Note
-------+----------+-------------------------------------------
     0 | D:1      | Azzok the Gargoyle Berserker began the quest for the Orb.
     0 | D:1      | Reached XP level 1. HP: 14/14 MP: 1/1
    92 | D:1      | Reached XP level 2. HP: 19/19 MP: 2/2
   704 | D:1      | Reached XP level 3. HP: 21/24 MP: 3/3
   739 | D:1      | Reached skill level 4 in Fighting
   748 | D:1      | Reached ** piety under Trog
  1669 | D:3      | Reached XP level 4. HP: 30/30 MP: 4/4
  2004 | D:3      | Found a shimmering altar of Xom.
  2087 | D:3      | Reached *** piety under Trog
  2136 | D:4      | Found a white marble altar of Elyvilon.
  2224 | D:4      | Reached skill level 5 in Fighting
  2224 | D:4      | Reached XP level 5. HP: 31/35 MP: 5/5
  2720 | D:5      | Entered Level 5 of the Dungeon
  2734 | D:5      | Reached XP level 6. HP: 40/40 MP: 6/6
  2792 | D:5      | Noticed Prince Ribbit
  2811 | D:5      | Slain by Prince Ribbit

Skill      XL: |  1  2  3  4 |
---------------+-------------+-----
Axes           | 3 4 |  4.8
Fighting       | 4 5 |  5.7
Armour         | |  2.1
Dodging        | |  1.5

Action                   |  1- 3 |  4- 6 || total
-------------------------+-------+-------++-------
Melee: Hand axe          |   169 |   165 ||   334
       War axe           |       |    13 ||    13
Invok: Berserk           |       |     2 ||     2
  Eat: Chunk             |     3 |     4 ||     7
Armor: Animal skin       |    39 |       ||    39
       Ring mail         |    39 |    56 ||    95
Dodge: Dodged            |   124 |    24 ||   148
Block: Large shield      |    14 |   104 ||   118
